AoeStats
← MCGooser

MegaRandom

510363041Analyzed
4v4 RM · 1d ago on Sep 30, 2026· 33m 56s· 8 players
Game mode
Random Map
Map size
Large (8 player)
Population
200
Speed
Normal
Resources
Standard
Victory
Conquest
Starting age
Dark Age
Ending age
Imperial Age
RankedLock teamsTeams togetherTeam positionsShared explorationLock speedFull tech treeHidden civsTurbo modeCheats
Victory
Defeat
🇫🇷 Mongols · France
988
+13
🇷🇺 Spanish · Russia
972
+13
🇨🇱 Sicilians · Chile
880
+17
🇫🇷 Khmer · France
859
+19
🇬🇧 Japanese · United Kingdom
919
-16
🇮🇹 Britons · Italy
917
-16
🇷🇺 Mongols · Russia
914
-16
🇪🇸 Gurjaras · Spain
877
-14
Suco
13:25 Feudal Age
11:41 Loom
18:15 Castle Age
17:37 Double-Bit Axe
24:02 Horse Collar
25:25 Bloodlines
26:46 Wheelbarrow
26:41 Elite Skirmisher
28:07 Bow Saw
28:34 Gold Mining
29:46 Thumb Ring
29:35 Fletching
29:55 Padded Archer Armor
MS2GUD1068
13:24 Feudal Age
14:41 Loom
17:24 Castle Age
15:35 Man-at-Arms
16:01 Arson
17:31 Long Swordsman
17:56 Gambesons
18:11 Squires
22:46 Forging
22:36 Scale Mail Armor
29:17 Iron Casting
28:57 Chain Mail Armor
30:07 Wheelbarrow
29:17 Town Watch
30:22 Gold Mining
30:17 Horse Collar
matematicadiscreta
11:14 Feudal Age
14:05 Double-Bit Axe
18:40 Castle Age
17:21 Scale Mail Armor
17:20 Man-at-Arms
21:31 Long Swordsman
26:18 Gold Mining
28:39 Padded Archer Armor
28:29 Fletching
29:31 Fletching
32:14 Leather Archer Armor
MCGooser
2:57 Loom
11:43 Feudal Age
12:31 Double-Bit Axe
15:15 Horse Collar
21:40 Castle Age
19:56 Gold Mining
24:25 Forging
24:18 Scale Mail Armor
27:44 Heavy Plow
27:57 Bow Saw
28:45 Stone Mining
flowfranking22
2:30 Loom
12:51 Feudal Age
14:44 Arson
23:10 Scale Mail Armor
24:14 Forging
32:00 Castle Age
30:36 Wheelbarrow
34:16 Double-Bit Axe
34:25 Gold Mining
34:26 Stone Mining
Pépé
2:06 Loom
9:22 Feudal Age
11:03 Wheelbarrow
15:10 Castle Age
15:46 Double-Bit Axe
18:22 Horse Collar
18:54 Fletching
20:05 Bodkin Arrow
22:43 Gold Mining
26:19 Hand Cart
26:33 Ballistics
26:32 Bow Saw
31:54 Padded Archer Armor
31:59 Heavy Plow
36:19 Imperial Age
Fralex04
8:00 Loom
10:49 Feudal Age
14:07 Castle Age
11:54 Double-Bit Axe
12:18 Horse Collar
15:27 Wheelbarrow
15:44 Bow Saw
21:38 Stone Mining
25:30 Gold Mining
26:11 Murder Holes
26:38 Fletching
26:49 Padded Archer Armor
27:29 Heavy Plow
28:07 Gold Shaft Mining
30:48 Imperial Age
28:03 Light Cavalry
29:07 Bloodlines
30:29 Ballistics
30:22 Masonry
30:35 Forging
30:52 Bodkin Arrow
31:07 Scale Barding Armor
31:16 Husbandry
32:46 Conscription
33:55 Siege Engineers
cawa13
9:55 Loom
11:55 Feudal Age
12:33 Double-Bit Axe
12:31 Horse Collar
13:31 Fishing Lines
19:07 Castle Age
18:00 Gold Mining
18:08 Stone Mining
21:05 Bow Saw
21:41 Heavy Plow
22:44 Wheelbarrow
22:49 Gillnets
25:05 Fletching
26:41 Hand Cart
31:00 Imperial Age
28:19 Town Watch
30:10 Town Patrol
30:42 Ballistics
30:18 Murder Holes
30:33 Masonry
32:36 Conscription
32:59 Caravan
Connection lost

Rejoining the realm…

Still unreachable

The connection could not be restored.

Session expired

The server has moved on; the page needs a fresh start.